 Dungeon Sprint DCSS version 0.20-a0-270-g8e735b6 (webtiles) character file.

216319 packetloss the Axe Maniac (level 18, -40/200 HPs)
             Began as a Minotaur Monk on Nov 21, 2016.
             Was the Champion of Okawaru.
             Killed from afar by Kostribba the pandemonium lord (81 damage)
             ... with a great icy blast
             ... in the Dungeon (Sprint VII: "The Pits") on Dec 9, 2016.
             The game lasted 01:33:05 (9208 turns).

packetloss the Axe Maniac (Minotaur Monk)           Turns: 9208, Time: 01:33:05

Health: -40/200    AC: 29    Str: 30    XL:     18   Next: 35%
Magic:  24/29      EV: 33    Int: 12    God:    Okawaru [******]
Gold:   52         SH:  0    Dex: 20    Spells: 12/27 levels left

rFire  . . .     SeeInvis +     a - +7 executioner's axe "Icoqo" {freeze, rElec MR- Str+4 Int+5}
rCold  . . .     Gourm    .     s - quicksilver dragon scales
rNeg   . . .     Faith    +     (shield currently unavailable)
rPois  .         Spirit   .     (helmet restricted)
rElec  +         Reflect  .     O - +0 cloak "Niqaqod" {rElec Regen+ Dex+3}
rCorr  .         Harm     .     K - +1 pair of gloves {Str+3}
MR     ++...     NoTele   +     G - +2 pair of boots
Stlth  ++++......               C - amulet "Kukhluri" {Faith +Inv rElec Dex+3}
                                o - ring of Posorib {MR+ Slay+5}
                                c - ring of see invisible {sInv, !d}

@: finesse, frozen, wreathed by umbra, studying Stealth, drained, very slow
A: retaliatory headbutt, horns 2
}: 1/15 runes: silver
a: Heroism, Finesse, Renounce Religion, Evoke Invisibility


You were in the Dungeon.
You worshipped Okawaru.
Okawaru was exalted by your worship.
You were full.

You visited 1 branch You collected 52 gold pieces.

Inventory:

Hand Weapons
 a - the +7 executioner's axe "Icoqo" (weapon) {freeze, rElec MR- Str+4 Int+5}
   (You took it off a minotaur in the Dungeon)

   It has been specially enchanted to freeze those struck by it, causing extra
   injury to most foes and up to half again as much damage against particularly
   susceptible opponents.
   It can also slow down cold-blooded creatures.
   It affects your strength (+4).
   It affects your intelligence (+5).
   It insulates you from electricity.
   It affects your resistance to hostile enchantments.
 b - the +3 arbalest of Fate {penet, +Fly}
   (You found it in the Dungeon)

   Ammo fired by it will pass through the targets it hits, potentially hitting
   all targets in its path until it reaches maximum range.
   It lets you fly.
 t - the +7 triple crossbow of Qitewiom {elec, rPois rF+ Dex-5}
   (Okawaru gifted it to you in the Dungeon)

   It charges the ammunition it shoots with electricity; occasionally upon a
   hit, such missiles may discharge and cause terrible harm.
   It affects your dexterity (-5).
   It protects you from fire.
   It protects you from poison.
 w - the +2 executioner's axe "Imolyuss" {chop, Str-3 Dex+3}
   (Okawaru gifted it to you in the Dungeon)

   It inflicts extra damage upon your enemies.
   It affects your strength (-3).
   It affects your dexterity (+3).
 Q - a +2 executioner's axe of holy wrath
   (Okawaru gifted it to you in the Dungeon)
 Y - a +2 vampiric demon whip {!w}
   (You took it off Mara in the Dungeon)
Missiles
 W - 401 bolts
Armour
 s - quicksilver dragon scales (worn)
   (You found it in the Dungeon)
 G - a +2 pair of boots (worn)
   (You found it in the Dungeon)
 K - a +1 pair of gloves of strength (worn)
   (Okawaru gifted it to you in the Dungeon)
 O - the +0 cloak "Niqaqod" (worn) {rElec Regen+ Dex+3}
   (Okawaru gifted it to you in the Dungeon)

   It affects your dexterity (+3).
   It insulates you from electricity.
   It increases your rate of regeneration.
 U - a +0 pair of gloves of dexterity
   (Okawaru gifted it to you in the Dungeon)
Jewellery
 c - a ring of see invisible (left hand) {sInv, !d}
   (You found it in the Dungeon)
 m - the ring "Wasuebb" {rCorr rN+ Int+3 Dex+9 Slay-3}
   (You found it in the Dungeon)

   [ring of resist corrosion]

   It affects your intelligence (+3).
   It affects your dexterity (+9).
   It affects your accuracy and damage with ranged weapons and melee attacks
   (-3).
   It protects you from negative energy.
 o - the ring of Posorib (right hand) {MR+ Slay+5}
   (You found it in the Dungeon)

   [ring of protection from magic]

   It affects your accuracy and damage with ranged weapons and melee attacks
   (+5).
   It affects your resistance to hostile enchantments.
 x - the ring of Circularity {+Inv rPois rC- Str+6 Slay+4}
   (You found it in the Dungeon)

   [ring of strength]

   It affects your strength (+6).
   It affects your accuracy and damage with ranged weapons and melee attacks
   (+4).
   It makes you vulnerable to cold.
   It protects you from poison.
   It lets you turn invisible.
 y - a +6 ring of evasion
   (You found it in the Dungeon)
 C - the amulet "Kukhluri" (around neck) {Faith +Inv rElec Dex+3}
   (You found it in the Dungeon)

   [amulet of faith]

   It allows you to gain divine favour quickly.
   It affects your dexterity (+3).
   It insulates you from electricity.
   It lets you turn invisible.
 E - the ring "Jynteul" {rC+ rN+ MR- Str+6}
   (You found it in the Dungeon)

   [ring of strength]

   It affects your strength (+6).
   It protects you from cold.
   It protects you from negative energy.
   It affects your resistance to hostile enchantments.
 F - the amulet of Jira {Gourm Str+4}
   (You found it in the Dungeon)

   [amulet of the gourmand]

   It allows you to eat raw meat even when not hungry.
   It affects your strength (+4).
 H - the ring of Xufedaf {rF+ MR+ Stlth+}
   (You found it in the Dungeon)

   [ring of protection from magic]

   It protects you from fire.
   It affects your resistance to hostile enchantments.
   It makes you more stealthy.
 N - the ring "Gexkixzu" {Str+4 Slay+5 Stlth+}
   (You found it in the Dungeon)

   [ring of slaying]

   It affects your strength (+4).
   It affects your accuracy and damage with ranged weapons and melee attacks
   (+5).
   It makes you more stealthy.
 R - the ring of Pyana {+Blink rPois rN+ Int+3 Stlth-}
   (You found it in the Dungeon)

   [ring of positive energy]

   It affects your intelligence (+3).
   It protects you from poison.
   It protects you from negative energy.
   It lets you blink.
   It makes you less stealthy.
Wands
 u - a wand of hasting (5/9)
   (You found it in the Dungeon)
 T - a wand of heal wounds (5/9)
   (You found it in the Dungeon)
Scrolls
 i - 3 scrolls of blinking {!r}
 n - 5 scrolls of remove curse
 p - a scroll of summoning
 D - 3 scrolls of identify
 L - 3 scrolls of recharging
 M - 3 scrolls of fog
 P - 6 scrolls of enchant weapon
 S - a scroll of magic mapping {!r}
 V - 5 scrolls of enchant armour
Potions
 d - 13 potions of curing
 e - 4 potions of heal wounds
 f - 3 potions of haste
 g - 4 potions of magic
 h - 6 potions of berserk rage {!q}
 l - 2 potions of invisibility
 v - a potion of cancellation
 z - 4 potions of might
 A - 7 potions of brilliance
 B - 4 potions of agility
 J - a potion of resistance
Books
 I - a manual of Stealth {!d}
   (You found it in the Dungeon)
Miscellaneous
 k - a fan of gales
   (You found it in the Dungeon)
 X - a disc of storms
   (You found it in the Dungeon)
 Z - a sack of spiders
Comestibles
 j - 4 beef jerkies
 q - 40 fruits
 r - 12 meat rations {@e2}


   Skills:
 O Level 27(26.2) Fighting
 O Level 27(26.2) Axes
   Level 2.9(2.5) Bows
 O Level 27(26.2) Crossbows
 O Level 27(26.2) Armour
 O Level 27(26.2) Dodging
 + Level 10.4(9.8) Stealth
 + Level 5.4(4.9) Spellcasting
 + Level 5.4(4.9) Charms
 + Level 6.0(5.5) Necromancy
 + Level 12.6(12.0) Invocations
 - Level 16.2(15.6) Evocations


You had 12 spell levels left.
You knew the following spells:

 Your Spells              Type           Power        Failure   Level  Hunger
a - Silence               Hex/Air        #.........   100%        5    ######.
b - Portal Projectile     Tloc           #.....       77%         3    ###....
c - Corpse Rot            Necr           N/A          4%          2    ##.....
r - Regeneration          Chrm/Necr      ###.......   10%         3    ###....
S - Song of Slaying       Chrm           ##......     6%          2    ##.....


Dungeon Overview and Level Annotations

Branches:
Dungeon (1/1)

Altars:
Ashenzari
Cheibriados
Dithmenos
Elyvilon
Fedhas
Gozag
Hepliaklqana
Kikubaaqudgha
Makhleb
Nemelex Xobeh
Okawaru
Qazlal
Ru
Sif Muna
Trog
Uskayaw
Vehumet
Xom
Yredelemnul
Zin
The Shining One
Beogh
Jiyva
Lugonu

Annotations:
D cBlink is available


Innate Abilities, Weirdness & Mutations

You reflexively headbutt those who attack you in melee.
You have a pair of horns on your head.


Message History

There is an open door, spattered with blood here.
Which direction?
You close the door.
You close the door.
You open the door.
You start resting.
Your hands slow down.
You regained 11 hp, and now have 88/200 hp.
MP restored: 29 You close the door.
You start resting.
You regained 72 hp, and now have 160/200 hp.
You start resting.
Health restored: 200 You open the door.
There is an open door, spattered with blood here.
You open the door.
There is an open door, spattered with blood here.
The +7 executioner's axe "Icoqo" {freeze, rElec MR- Str+4 Int+5} stops glowing.
Your hands briefly pass through it before you manage to get a firm grip on it.
b - the +3 arbalest of Fate (weapon)
{penet, +Fly}
There is an open door, spattered with blood here.
You see here 2 arrows.
Things that are here:
a great sword of flaming; a chain mail
There is an open door here.
There is an open door here.
You see here a glowing hand crossbow {god gift}.
Items here: ( ) [ † an arrow; a long sword of draining; a chain mail; a human corpse
There is an open door here.
You see here an arrow.
You see here a titan corpse.
Things that are here:
a longbow; 56 arrows; a leather armour
Items here: )) [ † a rapier x2; a leather armour; a sphinx corpse
W - 394 bolts (gained 7)
Things that are here:
a quarterstaff; a robe; a spriggan corpse
W - 401 bolts (gained 7)
Things that are here:
a quarterstaff; a robe; a spriggan corpse
Items here: )) [ † a rapier x2; a leather armour; a sphinx corpse You can now deal lightning-fast blows.
You now have 24/29 mp.
You open the large door.
There is a large open door to the Iron Vault (Extremely Hard) here.
Kostribba comes into view.
There is a large open door to the Iron Vault (Extremely Hard) here.
The +7 executioner's axe "Icoqo" {freeze, rElec MR- Str+4 Int+5} glows with a cold blue light!
a - the +7 executioner's axe "Icoqo" (weapon)
{freeze, rElec MR- Str+4 Int+5} Kostribba bellows, "I shall devour thy heart!"
Kostribba sneers, "Give in, thou tasty meal!"
Kostribba gestures at you. The bolt of negative energy hits you!
You feel drained.
You take 11 damage, and have 189/200 hp.
You hit Kostribba. You freeze Kostribba. Kostribba hits you.
You feel your power leaking away.
You take 3 damage, and have 186/200 hp.
You now have 23/29 mp.
Unknown command.
You completely miss Kostribba.
Unknown command.
Unknown command.
You slash Kostribba! You freeze Kostribba.
Kostribba sneers, "Out, out, thou surly nut-hook walking sirloin!"
Kostribba completely misses you. You furiously retaliate!
You headbutt Kostribba!
Unknown command.
You completely miss Kostribba. Your headbutt misses Kostribba.
You slice Kostribba!! You freeze Kostribba! Kostribba gestures at you.
Kostribba conjures a mighty blast of ice!
The great icy blast engulfs you!
You are encased in ice.
You take 72 damage, and have 115/200 hp.
MASSIVE DAMAGE!!
A profane servitor opens the door.
Kostribba gestures at you.
Kostribba conjures a mighty blast of ice!
The great icy blast engulfs you!
* * * LOW HITPOINT WARNING * * *
Coalibid opens the door.
Kostribba hits you.
* * * LOW HITPOINT WARNING * * *
A profane servitor comes into view. It is wielding an enchanted whip.
You closely miss Kostribba. You headbutt Kostribba!
You are engulfed in freezing vapours.
* * * LOW HITPOINT WARNING * * *
You take 89 damage, and have 26/200 hp.
MASSIVE DAMAGE!!
Okay, then.
Unknown command.
You feel much better.
You are engulfed in freezing vapours.
* * * LOW HITPOINT WARNING * * *
Kostribba gestures at you.
Kostribba conjures a mighty blast of ice!
The great icy blast engulfs you!
You die...

## #. .. #.
#&# ##.###+#
#.&@##.##
#'A##.).#
#.##§')).# #
####†##
############(#
?)'....#<<##(#
|"#....#<<##)#
###)##+#<<##.#


You could see Coalibid, Kostribba and a profane servitor.

Vanquished Creatures
  Dissolution (D)
  An orb of fire (D)
  Mara (D)
  A pandemonium lord (D)
  A Killer Klown (D)
  Nikola (D)
  A profane servitor (D)
  Jory (D)
  A hellephant (D)
  A lich (D)
  2 Hell Sentinels (D)
  3 tentacled monstrosities (D)
  Rupert (D)
  3 titans (D)
  An acid blob (D)
  A quicksilver dragon (D)
  4 deep elf blademasters (D)
  2 deep elf master archers (D)
  A death cob (D)
  2 Executioners (D)
  2 sphinxes (D)
  Murray (D)
  A fire giant (D)
  2 storm dragons (D)
  2 shadow dragons (D)
  7 nagarajas (D)
  A daeva (D)
  An azure jelly (D)
  2 orc warlords (D)
  A deep elf sorcerer (D)
  A draconian scorcher (D)
  An angel (D)
  Aizul (D)
  3 emperor scorpions (D)
  3 draconian shifters (D)
  A balrug (D)
  2 stone giants (D)
  A war gargoyle (D)
  An ophan (D)
  A draconian stormcaller (D)
  2 deep elf demonologists (D)
  3 deep elf annihilators (D)
  A black draconian (D)
  2 apis (D)
  A dire elephant (D)
  2 purple draconians (D)
  4 deep elf death magi (D)
  2 blizzard demons (D)
  An eidolon (D)
  2 ettins (D)
  A merfolk javelineer (D)
  A minotaur (D)
  3 green deaths (D)
  2 fire dragons (D)
  3 ghosts (D)
  A mummy priest (D)
  A merfolk impaler (D)
  2 yaktaur captains (D)
  A deep elf high priest (D)
  An ice dragon (D)
  A hell beast (D)
  17 vault guards (D)
  An anaconda (D)
  A merfolk avatar (D)
  A spriggan air mage (D)
  2 dancing weapons (D)
  3 death knights (D)
  3 hell hogs (D)
  2 deep troll shamans (D)
  2 vampire magi (D)
  A deep troll earth mage (D)
  11 hell knights (D)
  3 deep elf knights (D)
  2 soul eaters (D)
  2 shadow wraiths (D)
  3 iron trolls (D)
  A cherub (D)
  2 sea snakes (D)
  3 deep trolls (D)
  13 wizards (D)
  An unseen horror (D)
  A spriggan druid (D)
  10 orc knights (D)
  2 hill giants (D)
  A lindwurm (D)
  3 harpies (D)
  17 necromancers (D)
  3 wolf spiders (D)
  An ugly thing (D)
  An orc sorcerer (D)
  Joseph (D)
  A manticore (D)
  2 deep elf magi (D)
  2 elephants (D)
  A black mamba (D)
  A merfolk siren (D)
  3 molten gargoyles (D)
  An eye of devastation (D)
  2 smoke demons (D)
  2 kobold demonologists (D)
  A demonic crawler (D)
  A hellion (D)
  A tormentor (D)
  A freezing wraith (D)
  5 yaktaurs (D)
  3 ice devils (D)
  A red devil (D)
  6 merfolk (D)
  A wind drake (D)
  A guardian mummy (D)
  6 slime creatures (D)
  A tyrant leech (D)
  A bog body (D)
  A hippogriff (D)
  3 blink frogs (D)
  A snapping turtle (D)
  16 redbacks (D)
  3 flying skulls (D)
  A tarantella (D)
  8 humans (D)
  A water elemental (D)
  2 vampires (D)
  A wyvern (D)
  A fire bat (D)
  A fire elemental (D)
  Grum (D)
  A basilisk (D)
  4 vampire mosquitoes (D)
  An acid dragon (D)
  A warg (D)
  2 floating eyes (D)
  5 hell hounds (D)
  An eye of draining (D)
  A phantom (D)
  An ice beast (D)
  An ogre (D)
  2 crocodiles (D)
  3 wolves (D)
  A centaur (D)
  A bullfrog (D)
  2 earth elementals (D)
  5 wights (D)
  An orc priest (D)
  A hound (D)
  An iron imp (D)
  A hell rat (D)
  An ufetubus (D)
  2 adder zombies (D)
  A worm (D)
  2 adder simulacra (D)
  5 orcs (D)
  A bat skeleton (D)
  A bat zombie (D)
  2 goblins (D)
  7 jackals (D)
  2 quokkas (D)
  A ball python (D)
  A bat (D)
  A bat simulacrum (D)
  2 frilled lizards (D)
  A giant cockroach zombie (D)
  3 kobolds (D)
  A leopard gecko simulacrum (D)
  A leopard gecko zombie (D)
  A quokka simulacrum (D)
  A rat (D)
373 creatures vanquished.

Vanquished Creatures (others)
  A hell beast (D)
1 creature vanquished.

Grand Total: 374 creatures vanquished

Notes
Turn   | Place    | Note
-------+----------+-------------------------------------------
     0 | D        | packetloss the Minotaur Monk began the quest for the Orb.
     0 | D        | Reached XP level 1. HP: 19/19 MP: 0/0
    10 | D        | Reached skill level 4 in Axes
    13 | D        | Reached skill level 5 in Axes
    25 | D        | Found a radiant altar of Vehumet.
    25 | D        | Found a hide-covered altar of Uskayaw.
    25 | D        | Found an ancient bone altar of Kikubaaqudgha.
    25 | D        | Found a viscous altar of Jiyva.
    25 | D        | Found a hazy altar of Hepliaklqana.
    26 | D        | Found a bloodstained altar of Trog.
    26 | D        | Found a deep blue altar of Sif Muna.
    26 | D        | Found a sacrificial altar of Ru.
    26 | D        | Found a stormy altar of Qazlal.
    26 | D        | Found an iron altar of Okawaru.
    26 | D        | Found a sparkling altar of Nemelex Xobeh.
    26 | D        | Found an opulent altar of Gozag.
    26 | D        | Found a blossoming altar of Fedhas.
    26 | D        | Found a white marble altar of Elyvilon.
    26 | D        | Found a shadowy altar of Dithmenos.
    26 | D        | Found a snail-covered altar of Cheibriados.
    27 | D        | Found a burning altar of Makhleb.
    27 | D        | Found a glowing golden altar of the Shining One.
    27 | D        | Found a glowing silver altar of Zin.
    27 | D        | Found a basalt altar of Yredelemnul.
    27 | D        | Found a roughly hewn altar of Beogh.
    28 | D        | Found a corrupted altar of Lugonu.
    28 | D        | Found a shimmering altar of Xom.
    28 | D        | Found a shattered altar of Ashenzari.
    35 | D        | Became a worshipper of Warmaster Okawaru
    35 | D        | Reached * piety under Okawaru
    35 | D        | Reached ** piety under Okawaru
    87 | D        | Reached skill level 6 in Axes
    87 | D        | Reached XP level 2. HP: 26/26 MP: 1/1
    97 | D        | Reached skill level 1 in Invocations
   161 | D        | Noticed a floating eye
   165 | D        | Killed a floating eye
   165 | D        | Reached skill level 9 in Axes
   165 | D        | Reached skill level 5 in Invocations
   165 | D        | Reached XP level 3. HP: 31/31 MP: 1/6
   165 | D        | Reached XP level 4. HP: 39/39 MP: 1/7
   245 | D        | Noticed a centaur
   246 | D        | Noticed a bullfrog
   246 | D        | Noticed a warg
   255 | D        | Killed a centaur
   255 | D        | Reached *** piety under Okawaru
   255 | D        | Reached skill level 10 in Axes
   255 | D        | Reached skill level 7 in Invocations
   255 | D        | Reached XP level 5. HP: 15/45 MP: 5/9
   259 | D        | Killed a warg
   259 | D        | Reached skill level 11 in Axes
   259 | D        | Reached skill level 8 in Invocations
   259 | D        | Reached XP level 6. HP: 17/51 MP: 5/11
   260 | D        | Reached skill level 12 in Axes
   260 | D        | Reached skill level 9 in Invocations
   260 | D        | HP: 8/51 [iron imp (5)]
   269 | D        | HP: 8/51 [iron imp (1)]
   528 | D        | Noticed a flying skull
   532 | D        | Killed a flying skull
   532 | D        | Reached skill level 5 in Fighting
   532 | D        | Reached skill level 13 in Axes
   532 | D        | Reached skill level 3 in Armour
   532 | D        | Reached skill level 4 in Dodging
   532 | D        | Reached XP level 7. HP: 61/61 MP: 10/13
   533 | D        | Noticed a kobold demonologist
   537 | D        | Noticed a sixfirhy
   548 | D        | Killed a kobold demonologist
   548 | D        | Reached **** piety under Okawaru
   548 | D        | Reached skill level 6 in Fighting
   548 | D        | Reached skill level 5 in Armour
   548 | D        | Reached skill level 6 in Dodging
   766 | D        | Noticed a flying skull
   784 | D        | Killed a flying skull
   784 | D        | Reached skill level 7 in Fighting
   847 | D        | Noticed a flying skull
   847 | D        | Noticed a deep troll
   847 | D        | Noticed a vampire mosquito
   847 | D        | Noticed a vampire mosquito
   847 | D        | Noticed a vampire mosquito
   848 | D        | Noticed a vampire mosquito
   851 | D        | Killed a vampire mosquito
   851 | D        | Reached skill level 6 in Armour
   851 | D        | Reached XP level 8. HP: 73/73 MP: 11/14
   855 | D        | Reached skill level 14 in Axes
   855 | D        | Reached skill level 7 in Dodging
   856 | D        | Reached skill level 8 in Fighting
   856 | D        | Reached skill level 7 in Armour
   861 | D        | Killed a flying skull
   861 | D        | Reached skill level 9 in Fighting
   861 | D        | Reached skill level 8 in Armour
   861 | D        | Reached skill level 8 in Dodging
   862 | D        | Killed a deep troll
   862 | D        | Reached ***** piety under Okawaru
   862 | D        | Reached skill level 15 in Axes
   862 | D        | Reached skill level 9 in Armour
   862 | D        | Reached skill level 9 in Dodging
   862 | D        | Reached XP level 9. HP: 42/85 MP: 12/15
  1117 | D        | Noticed Grum
  1122 | D        | Reached skill level 10 in Fighting
  1122 | D        | Reached skill level 1 in Bows
  1129 | D        | Reached skill level 2 in Bows
  1137 | D        | Paralysed by a floating eye for 4 turns
  1142 | D        | Killed Grum
  1142 | D        | Received a gift from Okawaru
  1172 | D        | Noticed an elephant
  1309 | D        | Killed an elephant
  1309 | D        | Reached skill level 10 in Armour
  1309 | D        | Reached skill level 10 in Dodging
  1322 | D        | Noticed Joseph
  1330 | D        | Killed Joseph
  1330 | D        | Reached skill level 11 in Fighting
  1716 | D        | Noticed a hill giant
  1723 | D        | Killed a hill giant
  1723 | D        | Reached skill level 16 in Axes
  1723 | D        | Reached skill level 11 in Armour
  1723 | D        | Reached XP level 10. HP: 96/97 MP: 16/16
  1739 | D        | Noticed a lindwurm
  1842 | D        | Killed a lindwurm
  1842 | D        | Reached skill level 12 in Fighting
  1842 | D        | Reached skill level 11 in Dodging
  2013 | D        | Noticed a hill giant
  2020 | D        | Killed a hill giant
  2020 | D        | Reached skill level 12 in Armour
  2025 | D        | HP: 15/99 [something (11)]
  2029 | D        | Killed a shadow wraith
  2029 | D        | Reached skill level 12 in Dodging
  2274 | D        | Noticed a merfolk siren
  2287 | D        | Killed a merfolk siren
  2287 | D        | Reached skill level 13 in Fighting
  2316 | D        | Noticed a smoke demon
  2316 | D        | Noticed a wolf spider
  2326 | D        | Killed a wolf spider
  2326 | D        | Reached skill level 17 in Axes
  2330 | D        | Killed a smoke demon
  2495 | D        | Noticed an elephant
  2496 | D        | Noticed a black mamba
  2506 | D        | Killed a black mamba
  2506 | D        | Reached skill level 13 in Armour
  2509 | D        | Killed an elephant
  2520 | D        | Received a gift from Okawaru
  2520 | D        | Reached XP level 11. HP: 74/108 MP: 10/17
  2792 | D        | Reached skill level 13 in Dodging
  2882 | D        | Reached skill level 14 in Fighting
  2882 | D        | Reached skill level 18 in Axes
  3001 | D        | Noticed a deep troll
  3021 | D        | Killed a deep troll
  3104 | D        | Reached skill level 14 in Armour
  3411 | D        | Got the cursed +1 ring mail of Autumn {Dex+4}
  3540 | D        | Upgraded the game from 0.20-a0-81-g6e69d53 to 0.20-a0-270-g8e735b6
  3542 | D        | Noticed a death knight
  3543 | D        | Noticed a wizard
  3591 | D        | Killed a death knight
  3909 | D        | Killed a wizard
  3942 | D        | Killed an unseen horror
  3942 | D        | Reached skill level 15 in Fighting
  3942 | D        | Reached skill level 14 in Dodging
  3977 | D        | Received a gift from Okawaru
  3980 | D        | Got an ichor-stained cloak {god gift}
  3996 | D        | Identified the +0 cloak "Niqaqod" {rElec Regen+ Dex+3} (Okawaru gifted it to you in the Dungeon)
  4023 | D        | Reached skill level 19 in Axes
  4027 | D        | Noticed an orc sorcerer
  4037 | D        | Killed an orc sorcerer
  4087 | D        | Reached skill level 15 in Armour
  4287 | D        | Noticed a merfolk javelineer
  4287 | D        | Noticed an ettin
  4288 | D        | Noticed a deep elf blademaster
  4291 | D        | Noticed an emperor scorpion
  4309 | D        | Killed a deep elf blademaster
  4309 | D        | Reached skill level 16 in Fighting
  4309 | D        | Reached skill level 20 in Axes
  4309 | D        | Reached XP level 12. HP: 70/122 MP: 11/18
  4314 | D        | Killed a merfolk javelineer
  4314 | D        | Reached skill level 15 in Dodging
  4320 | D        | Killed an ettin
  4332 | D        | Got the +1 robe "Xeithra" {Str+2}
  4509 | D        | Killed an emperor scorpion
  4509 | D        | Reached skill level 16 in Armour
  4693 | D        | Reached skill level 21 in Axes
  4838 | D        | Noticed an anaconda
  4838 | D        | Noticed an eidolon
  4847 | D        | Killed an eidolon
  4847 | D        | Received a gift from Okawaru
  4853 | D        | Noticed a vampire mage
  4854 | D        | Killed an anaconda
  4856 | D        | Noticed a nagaraja
  4859 | D        | Killed a nagaraja
  4859 | D        | Reached skill level 17 in Fighting
  4859 | D        | Reached skill level 16 in Dodging
  4861 | D        | Noticed a minotaur
  4862 | D        | Killed a minotaur
  4876 | D        | Killed a vampire mage
  4883 | D        | Reached skill level 17 in Armour
  4885 | D        | Reached skill level 22 in Axes
  4906 | D        | Reached XP level 13. HP: 117/133 MP: 16/19
  4908 | D        | Noticed an emperor scorpion
  4920 | D        | Killed an emperor scorpion
  4920 | D        | Reached ****** piety under Okawaru
  4996 | D        | Got the +7 executioner's axe "Icoqo" {freeze, rElec MR- Str+4 Int+5}
  5096 | D        | Noticed a nagaraja
  5096 | D        | Noticed a death cob
  5103 | D        | Killed a death cob
  5103 | D        | Reached skill level 18 in Fighting
  5117 | D        | Received a gift from Okawaru
  5117 | D        | Reached skill level 23 in Axes
  5119 | D        | Reached skill level 17 in Dodging
  5128 | D        | HP: 28/134 [nagaraja/spear (11)]
  5129 | D        | Killed a nagaraja
  5129 | D        | Reached skill level 18 in Armour
  5133 | D        | HP: 26/136 [poisoned by a nagaraja (splash of poison)]
  5138 | D        | HP: 26/136 [poisoned by a nagaraja (splash of poison)]
  5144 | D        | HP: 28/136 [poisoned by a nagaraja (splash of poison)]
  5152 | D        | HP: 32/136 [poisoned by a nagaraja (splash of poison)]
  5616 | D        | Received a gift from Okawaru
  5617 | D        | Got a polished war axe {god gift}
  5671 | D        | Identified the +4 war axe "Binet" {chop, rF++} (Okawaru gifted it to you in the Dungeon)
  5679 | D        | Reached skill level 24 in Axes
  5688 | D        | Noticed a stone giant
  5703 | D        | Killed a stone giant
  5703 | D        | Reached skill level 19 in Fighting
  5718 | D        | Noticed Aizul
  5719 | D        | Noticed Nikola
  5719 | D        | Noticed a merfolk impaler
  5721 | D        | Noticed a fire giant
  5723 | D        | Noticed Mara
  5740 | D        | Killed Aizul
  5740 | D        | Reached skill level 1 in Crossbows
  5741 | D        | Noticed an apis
  5744 | D        | Killed a fire giant
  5744 | D        | Reached skill level 2 in Crossbows
  5751 | D        | Noticed an Executioner
  5752 | D        | Noticed a stone giant
  5753 | D        | Noticed a deep elf demonologist
  5755 | D        | Reached skill level 3 in Crossbows
  5758 | D        | Killed a merfolk impaler
  5758 | D        | Reached skill level 19 in Armour
  5758 | D        | Reached skill level 18 in Dodging
  5759 | D        | Noticed a shadow dragon
  5759 | D        | Killed Nikola
  5759 | D        | Received a gift from Okawaru
  5759 | D        | Reached skill level 4 in Crossbows
  5759 | D        | Reached XP level 14. HP: 61/146 MP: 15/20
  5764 | D        | Killed Mara
  5764 | D        | Received a gift from Okawaru
  5764 | D        | Reached skill level 25 in Axes
  5767 | D        | Killed an Executioner
  5767 | D        | Reached skill level 20 in Fighting
  5782 | D        | Reached skill level 20 in Armour
  5782 | D        | Killed an apis
  5782 | D        | Reached skill level 26 in Axes
  5782 | D        | Reached skill level 19 in Dodging
  5783 | D        | Killed a shadow dragon
  5789 | D        | Killed a stone giant
  5790 | D        | HP: 35/149 [merfolk/spear (15)]
  5987 | D        | Noticed an apis
  5998 | D        | Killed an apis
  5998 | D        | Received a gift from Okawaru
  6013 | D        | Got a twisted triple crossbow {god gift}
  6024 | D        | Identified the +7 triple crossbow of Qitewiom {elec, rPois rF+ Dex-5} (Okawaru gifted it to you in the Dungeon)
  6057 | D        | Noticed an emperor scorpion
  6066 | D        | Killed an emperor scorpion
  6066 | D        | Reached skill level 5 in Crossbows
  6068 | D        | Noticed a deep elf master archer
  6070 | D        | Noticed an angel
  6079 | D        | Killed an angel
  6085 | D        | Killed a deep elf master archer
  6085 | D        | Reached skill level 21 in Fighting
  6085 | D        | Reached skill level 6 in Crossbows
  6112 | D        | Noticed a war gargoyle
  6124 | D        | Killed a war gargoyle
  6124 | D        | Received a gift from Okawaru
  6124 | D        | Reached skill level 27 in Axes
  6135 | D        | Got a dazzling executioner's axe {god gift}
  6177 | D        | Got the +1 plate armour "Ugaohug" {*Slow rC++ rCorr}
  6280 | D        | Identified the +2 executioner's axe "Imolyuss" {chop, Str-3 Dex+3} (Okawaru gifted it to you in the Dungeon)
  6309 | D        | Reached skill level 7 in Crossbows
  6313 | D        | Reached skill level 21 in Armour
  6321 | D        | Reached skill level 20 in Dodging
  6327 | D        | Reached skill level 8 in Crossbows
  6346 | D        | Reached XP level 15. HP: 160/160 MP: 16/21
  6351 | D        | Received a gift from Okawaru
  6351 | D        | Reached skill level 9 in Crossbows
  6368 | D        | Reached skill level 22 in Fighting
  6382 | D        | Reached skill level 10 in Crossbows
  6389 | D        | Reached skill level 22 in Armour
  6404 | D        | Reached skill level 21 in Dodging
  6406 | D        | Noticed Rupert
  6412 | D        | Reached skill level 11 in Crossbows
  6415 | D        | Killed Rupert
  6422 | D        | Reached skill level 12 in Crossbows
  6424 | D        | Reached skill level 23 in Fighting
  6447 | D        | Reached skill level 23 in Armour
  6453 | D        | Reached skill level 13 in Crossbows
  6453 | D        | Received a gift from Okawaru
  6471 | D        | Got the +3 arbalest of Fate {penet, +Fly}
  6477 | D        | Got a silver rune of Zot
  6517 | D        | Got the +2 robe of the Postmodern Hells {rElec}
  6519 | D        | Got the ring of Woilupoi {rN+ MR+}
  6525 | D        | Got a fine cloak {god gift}
  6543 | D        | Identified the +1 cloak of Menoirph {*Corrode Str-4 Dex+6 SInv} (Okawaru gifted it to you in the Dungeon)
  6602 | D        | Noticed a quicksilver dragon
  6603 | D        | Noticed a deep elf blademaster
  6603 | D        | Noticed a daeva
  6603 | D        | Noticed a tentacled monstrosity
  6606 | D        | Noticed a hellephant
  6606 | D        | Noticed a lich
  6608 | D        | Killed a quicksilver dragon
  6608 | D        | Reached skill level 22 in Dodging
  6612 | D        | Killed a deep elf blademaster
  6615 | D        | Killed a tentacled monstrosity
  6615 | D        | Received a gift from Okawaru
  6615 | D        | Reached skill level 14 in Crossbows
  6626 | D        | Reached skill level 24 in Fighting
  6631 | D        | Killed a daeva
  6641 | D        | HP: 41/166 [lich/poison arrow (29)]
  6642 | D        | Killed a lich
  6642 | D        | Reached skill level 24 in Armour
  6646 | D        | Got a shimmering cloak {god gift}
  6646 | D        | HP: 8/166 [hellephant/blast of flame (46)]
  6653 | D        | HP: 3/166 [hellephant/blast of flame (69)]
  6656 | D        | Killed a hellephant
  6656 | D        | Reached skill level 15 in Crossbows
  6656 | D        | Reached XP level 16. HP: 53/176 MP: 16/22
  6977 | D        | Reached skill level 23 in Dodging
  6994 | D        | Noticed an Executioner
  6994 | D        | Noticed a titan
  7000 | D        | Noticed an acid blob
  7005 | D        | Killed an acid blob
  7008 | D        | Killed an Executioner
  7013 | D        | Killed a titan
  7013 | D        | Reached skill level 25 in Fighting
  7013 | D        | Reached skill level 16 in Crossbows
  7018 | D        | Noticed a Killer Klown
  7033 | D        | Killed a Killer Klown
  7033 | D        | Reached skill level 25 in Armour
  7048 | D        | Received a gift from Okawaru
  7208 | D        | Noticed a shadow dragon
  7211 | D        | Noticed a storm dragon
  7215 | D        | Killed a storm dragon
  7215 | D        | Reached skill level 17 in Crossbows
  7221 | D        | Killed a shadow dragon
  7221 | D        | Reached skill level 24 in Dodging
  7276 | D        | Noticed a tentacled monstrosity
  7282 | D        | Killed a tentacled monstrosity
  7294 | D        | Reached skill level 26 in Fighting
  7313 | D        | Noticed Dissolution
  7320 | D        | Killed Dissolution
  7320 | D        | Reached skill level 18 in Crossbows
  7320 | D        | Reached skill level 26 in Armour
  7356 | D        | Noticed Murray
  7364 | D        | Reached skill level 25 in Dodging
  7365 | D        | Reached skill level 19 in Crossbows
  7372 | D        | Killed Murray
  7566 | D        | Reached skill level 27 in Fighting
  7572 | D        | Reached skill level 27 in Armour
  7643 | D        | Noticed a deep elf blademaster
  7648 | D        | Killed a deep elf blademaster
  7648 | D        | Reached skill level 20 in Crossbows
  7648 | D        | Reached XP level 17. HP: 177/191 MP: 17/23
  7654 | D        | Received a gift from Okawaru
  7655 | D        | Reached skill level 26 in Dodging
  7714 | D        | Identified the -4 cloak "Beehe" {Dex+4} (Okawaru gifted it to you in the Dungeon)
  7752 | D        | Noticed an orb of fire
  7752 | D        | Noticed a tentacled monstrosity
  7757 | D        | Killed a tentacled monstrosity
  7774 | D        | Killed an orb of fire
  7774 | D        | Reached skill level 21 in Crossbows
  7778 | D        | Reached skill level 27 in Dodging
  7782 | D        | Reached skill level 22 in Crossbows
  7912 | D        | Got the amulet of Jira {Gourm Str+4}
  7927 | D        | Got the amulet "Kukhluri" {Faith +Inv rElec Dex+3}
  7930 | D        | Got the ring "Gexkixzu" {Str+4 Slay+5 Stlth+}
  7933 | D        | Got the ring of Posorib {MR+ Slay+5}
  7939 | D        | Got the ring "Wasuebb" {rCorr rN+ Int+3 Dex+9 Slay-3}
  7942 | D        | Got the ring of Pyana {+Blink rPois rN+ Int+3 Stlth-}
  8007 | D        | Received a gift from Okawaru
  8007 | D        | Reached skill level 1 in Evocations
  8021 | D        | Reached skill level 2 in Evocations
  8028 | D        | Reached skill level 3 in Evocations
  8029 | D        | Reached skill level 4 in Evocations
  8032 | D        | Reached skill level 5 in Evocations
  8043 | D        | Received a gift from Okawaru
  8044 | D        | Reached skill level 23 in Crossbows
  8044 | D        | Reached skill level 6 in Evocations
  8046 | D        | Reached skill level 7 in Evocations
  8102 | D        | Reached skill level 8 in Evocations
  8113 | D        | Reached skill level 9 in Evocations
  8121 | D        | Reached skill level 24 in Crossbows
  8121 | D        | Reached skill level 10 in Evocations
  8147 | D        | Received a gift from Okawaru
  8153 | D        | Reached skill level 11 in Evocations
  8332 | D        | Noticed a Hell Sentinel
  8342 | D        | Killed a Hell Sentinel
  8400 | D        | Received a gift from Okawaru
  8404 | D        | Reached skill level 12 in Evocations
  8405 | D        | Reached skill level 25 in Crossbows
  8426 | D        | Reached skill level 13 in Evocations
  8449 | D        | Received a gift from Okawaru
  8449 | D        | Reached skill level 14 in Evocations
  8464 | D        | Reached skill level 26 in Crossbows
  8468 | D        | Noticed a profane servitor
  8478 | D        | Killed a profane servitor
  8478 | D        | Received a gift from Okawaru
  8478 | D        | Reached skill level 15 in Evocations
  8596 | D        | Reached XP level 18. HP: 200/200 MP: 28/28
  8639 | D        | Reached skill level 27 in Crossbows
  8639 | D        | Reached skill level 10 in Invocations
  8639 | D        | Reached skill level 16 in Evocations
  8651 | D        | Learned a level 5 spell: Silence
  8652 | D        | Identified Duwkon's Almanac of Transmutation and the Arsonist (You found it in the Dungeon)
  8657 | D        | Learned a level 3 spell: Regeneration
  8660 | D        | Learned a level 2 spell: Song of Slaying
  8672 | D        | Identified Junoetat's Catalogue of Conjuration and Necromancy (You found it in the Dungeon)
  8680 | D        | Learned a level 3 spell: Portal Projectile
  8685 | D        | Learned a level 2 spell: Corpse Rot
  8774 | D        | Got the amulet "Nagixul" {+Rage rC+ Int+2 Dex+5 SInv}
  8777 | D        | Got the amulet of Secrets {Faith Fragile rElec Int+3 Dex+2}
  8832 | D        | Got the ring "Jynteul" {rC+ rN+ MR- Str+6}
  8834 | D        | Got the ring "Foceplo" {rF+ Str+6}
  8839 | D        | Got the ring of Circularity {+Inv rPois rC- Str+6 Slay+4}
  8844 | D        | Got the ring of Xufedaf {rF+ MR+ Stlth+}
  8892 | D        | Reached skill level 3 in Stealth
  8892 | D        | Reached skill level 1 in Spellcasting
  8892 | D        | Reached skill level 1 in Charms
  8892 | D        | Reached skill level 1 in Necromancy
  8901 | D        | Reached skill level 4 in Stealth
  8901 | D        | Reached skill level 2 in Necromancy
  8903 | D        | Noticed Jory
  8909 | D        | Killed Jory
  8909 | D        | Received a gift from Okawaru
  8909 | D        | Reached skill level 5 in Stealth
  8909 | D        | Reached skill level 2 in Spellcasting
  8909 | D        | Reached skill level 2 in Charms
  8909 | D        | Reached skill level 3 in Necromancy
  8909 | D        | Reached skill level 11 in Invocations
  8955 | D        | Noticed a Hell Sentinel
  8959 | D        | Killed a Hell Sentinel
  8959 | D        | Reached skill level 6 in Stealth
  8959 | D        | Reached skill level 3 in Spellcasting
  8959 | D        | Reached skill level 3 in Charms
  8984 | D        | Received a gift from Okawaru
  8984 | D        | Reached skill level 7 in Stealth
  8988 | D        | Noticed Winwuts the pandemonium lord
  8994 | D        | Noticed a Tzitzimitl
  8994 | D        | Reached skill level 4 in Necromancy
  8998 | D        | Reached skill level 4 in Charms
  8999 | D        | Reached skill level 8 in Stealth
  8999 | D        | Reached skill level 4 in Spellcasting
  8999 | D        | HP: 43/200 [???[Winwuts] (41)]
  9000 | D        | Killed Winwuts the pandemonium lord
  9000 | D        | Reached skill level 9 in Stealth
  9000 | D        | Reached skill level 5 in Spellcasting
  9000 | D        | Reached skill level 5 in Charms
  9000 | D        | Reached skill level 5 in Necromancy
  9000 | D        | Reached skill level 12 in Invocations
  9002 | D        | Received a gift from Okawaru
  9004 | D        | Reached skill level 10 in Stealth
  9011 | D        | Reached skill level 6 in Necromancy
  9198 | D        | Noticed Kostribba the pandemonium lord
  9206 | D        | HP: 35/200 [Kostribba the pandemonium lord/great icy blast (81)]
  9207 | D        | Noticed Coalibid the pandemonium lord
  9207 | D        | Noticed a profane servitor
  9208 | D        | Killed from afar by Kostribba the pandemonium lord

Vault maps used:
D:        pitsprint

Skill      XL: |  1  2  3  4  5  6  7  8  9 10 11 12 13 14 15 16 17 18 |
---------------+-------------------------------------------------------+-----
Axes           | 6 9 10 11 13 15 16 17 20 22 24 27 | 27.0
Invocations    | 5 7 8 9 12 | 12.6
Fighting       | 5 7 9 11 13 16 17 19 21 24 27 | 27.0
Armour         | 3 6 9 11 13 15 17 19 21 24 27 | 27.0
Dodging        | 4 6 9 10 12 14 16 18 20 22 25 27 | 27.0
Bows           | 2 |  2.9
Crossbows      | 4 8 15 20 26 27 | 27.0
Evocations     | 15 16 | 16.2
Stealth        | 10 | 10.4
Spellcasting   | 5 |  5.4
Charms         | 5 |  5.4
Necromancy     | 6 |  6.0

Action                   |  1- 3 |  4- 6 |  7- 9 | 10-12 | 13-15 | 16-18 || total
-------------------------+-------+-------+-------+-------+-------+-------++-------
Melee: Hand axe          |    18 |    29 |    48 |       |       |       ||    95
       Headbutt          |     5 |     8 |    19 |    81 |    93 |    63 ||   269
       Punch             |       |       |     2 |       |       |       ||     2
       War axe           |       |       |    43 |   167 |       |       ||   210
       Battleaxe         |       |       |       |   189 |    33 |       ||   222
       Executioner's axe |       |       |       |       |   327 |   173 ||   500
 Fire: Arbalest          |       |       |       |       |    17 |   157 ||   174
       Triple crossbow   |       |       |       |       |    15 |     6 ||    21
Invok: Heroism           |       |     2 |     4 |     9 |     7 |     5 ||    27
       Finesse           |       |       |       |     7 |    11 |    19 ||    37
  Use: Potion            |       |       |     1 |     1 |    13 |     5 ||    20
       Scroll            |       |       |       |    10 |     1 |       ||    11
 Stab: Sleeping          |     1 |       |       |       |       |     3 ||     4
       Distracted        |       |       |       |     1 |       |       ||     1
  Eat: Chunk             |       |       |     2 |     5 |    17 |     4 ||    28
       Meat ration       |       |       |       |     1 |       |       ||     1
Armor: Robe              |     4 |       |       |       |       |       ||     4
       Scale mail        |       |     2 |    34 |    33 |       |       ||    69
       Chain mail        |       |       |       |    46 |    85 |       ||   131
       Plate armour      |       |       |       |       |    20 |       ||    20
       Quicksilver drago |       |       |       |       |       |    30 ||    30
Dodge: Dodged            |    10 |    29 |    57 |   194 |   253 |   139 ||   682
Block: Buckler           |       |       |     3 |    37 |       |       ||    40

Vault maps used:
D:        pitsprint

Table legend:
 A = Turns spent in this place as a percentage of turns spent in the entire game.
 B = Non-inter-level travel turns spent in this place as a percentage of non-inter-level travel turns spent in the entire game.
 C = Inter-level travel turns spent in this place as a percentage of turns spent in this place.
 D = Turns resting spent in this place as a percentage of non-inter-level travel turns spent in this place.
 E = Turns spent auto-exploring this place as a percentage of non-inter-level travel turns spent in this place.
 F = Non-inter-level travel turns spent in this place divided by the number of levels of this place that you've seen.
                   A       B       C       D       E      F
               +-------+-------+-------+-------+-------+----------------------
         Total | 100.0 | 100.0 |   0.1 |   3.3 |   0.0 | 5390.0
       Dungeon | 100.0 | 100.0 |   0.1 |   3.3 |   0.0 | 5390.0
               +-------+-------+-------+-------+-------+----------------------

Table legend:
 A = Kills in this place as a percentage of kills in entire the game.
 B = Kills by you in this place as a percentage of kills by you in the entire game.
 C = Kills by friends in this place as a percentage of kills by friends in the entire game.
 D = Other kills in this place as a percentage of other kills in the entire game.
 E = Experience gained in this place as a percentage of experience gained in the entire game.
 F = Experience gained in this place divided by the number of levels of this place that you have seen.
                   A       B       C       D       E      F
               +-------+-------+-------+-------+-------+----------------------
         Total | 100.0 | 100.0 |  -nan | 100.0 | 100.0 | 320799.0
       Dungeon | 100.0 | 100.0 |  -nan | 100.0 | 100.0 | 320799.0
               +-------+-------+-------+-------+-------+----------------------
